 Dungeon Crawl Stone Soup version 0.31-a0-267-g3fc6992b3b (webtiles) character file.

Game seed: 6380465374877435290

157 qw the Shooter (level 5, 0/30 HPs)
             Began as a Gargoyle Hexslinger on July 14, 2023.
             Slain by a kobold
             ... wielding a +0 short sword
              (2 damage)
             ... on level 3 of the Dungeon.
             The game lasted 00:00:54 (1672 turns).

qw the Shooter (Gargoyle Hexslinger)                Turns: 1672, Time: 00:00:55

Health: 0/30       AC: 13    Str: 11    XL:     5   Next: 38%
Magic:  6/6        EV: 10    Int: 14    God:
Gold:   119        SH:  0    Dex: 14    Spells: 5/6 levels left

rFire   . . .        Y - +1 sling
rCold   . . .        (no shield)
rNeg    + . .        i - +0 ring mail
rPois   inf          (no helmet)
rElec   +            (no cloak)
rCorr   .            (no gloves)
SInv    .            (no boots)
Will    .....        (no amulet)
Stlth   +            g - +4 ring of protection
HPRegen 0.25/turn    (no ring)
MPRegen 0.10/turn

%: random rage (3%)
@: no status effects
A: sickness immunity, AC +4, negative energy resistance 1, electricity
resistance, torment resistance 1, petrification resistance, berserk 1,
deterioration 1, mutation resistance 1
a: no special abilities


You were on level 3 of the Dungeon.
You visited 1 branch of the dungeon, and saw 3 of its levels.

You collected 119 gold pieces.


Innate Abilities, Weirdness & Mutations

You are immune to sickness and miasma.
Your stone body is resilient. (AC +4)
You are immune to poison.
You resist negative energy. (rN+)
You are resistant to electric shocks. (rElec)
You are resistant to unholy torment.
You are immune to petrification.
You sometimes lose your temper in combat.
Your body sometimes deteriorates upon taking damage.
You are somewhat resistant to further mutation.


   Skills:
 + Level 2.0 Fighting
 - Level 5.0 Ranged Weapons
 - Level 1.0 Armour
 - Level 1.5 Dodging
 - Level 1.0 Spellcasting
 - Level 2.6 Hexes


You had 5 spell levels left.
You knew the following spells:

 Your Spells              Type           Power      Damage    Failure   Level
a - Slow                  Hex            32%        N/A       21%         1

Your spell library contained the following spells:

 Spells                   Type           Power      Damage    Failure   Level
 Inner Flame              Hex/Fire       4%         N/A       71%         3
 Portal Projectile        Hex/Tloc       8%         N/A       71%         3
 Cause Fear               Hex            4%         N/A       90%         4

Inventory:

Hand Weapons
 Y - a +1 sling (weapon)
Armour
 i - a +0 ring mail (worn)
Jewellery
 c - a ring of ice
 g - a +4 ring of protection (left hand)
Scrolls
 a - a scroll of identify
Potions
 b - a potion of haste
 d - a potion of ambrosia {unknown}
 e - a potion of curing
 f - a potion of magic {unknown}
 k - a potion of resistance {unknown}

Dungeon Overview and Level Annotations

Branches:
Dungeon (3/15)

Altars:
Cheibriados


Message History

The kobold completely misses you.
You shoot a sling bullet.
The sling bullet barely misses the jackal.
The jackal completely misses you.
The jackal bites you but does no damage.
The kobold closely misses you.
The orc priest invokes the aid of Beogh against you.
Beogh smites you!
You shoot a sling bullet.
The sling bullet closely misses the jackal.
The jackal barely misses you. The kobold hits you but does no damage.
The jackal bites you but does no damage.
You shoot a sling bullet.
The sling bullet barely misses the jackal.
The jackal barely misses you. The kobold misses you.
The jackal bites you but does no damage.
The kobold hits you but does no damage.
You shoot a sling bullet.
The sling bullet hits the jackal but does no damage.
The jackal misses you. The kobold hits you but does no damage.
The jackal bites you but does no damage.
You shoot a sling bullet. The sling bullet hits the jackal.
The jackal is moderately wounded.
The jackal misses you. The kobold barely misses you.
The jackal barely misses you.
You shoot a sling bullet. The sling bullet hits the jackal.
You kill the jackal!
The kobold closely misses you.
The jackal bites you but does no damage.
The kobold hits you but does no damage.
The orc priest mumbles some strange prayers to Beogh against you.
Beogh smites you!
You shoot a sling bullet. The sling bullet hits the jackal.
The jackal is heavily wounded.
The jackal misses you. The kobold closely misses you. The jackal misses you.
You shoot a sling bullet. The sling bullet hits the jackal.
The jackal is severely wounded.
The jackal bites you but does no damage.
The kobold hits you with a +0 short sword.
You die...

... ~~.# ... ... ..~# ...
... ¤.~# #.# .. ¤.~# #.# ..
~.~# #.# .# ### ..~#
#######.# .##.... ~~.#
#.......####ho..##
...###.######...@Ko...#
#####
###....##...#.#######.#
#...# #.............# #.#.#
#.#......#.#..# #.#.#
#.#.######.#..# #.#.#
#.#)#......#..# #.#.#
#.#.#.######..##########.#.#
#.#...<....#...............#
#.#....)#)###.##########.###


You could see an orc priest, an orc, a jackal and a kobold.

Vanquished Creatures
  A hound (D:2)
  An orc priest (D:3)
  3 adders (D:2)
  4 dart slugs (D:2)
  5 orcs (D:3)
  3 endoplasms
  5 giant cockroaches
  3 goblins
  4 hobgoblins
  A jackal (D:3)
  5 ball pythons (D:2)
  8 bats
  3 frilled lizards
  6 kobolds
  8 rats
60 creatures vanquished.

Notes
Turn   | Place    | Note
-------+----------+-------------------------------------------
     0 | D:1      | qw the Gargoyle Hexslinger began the quest for the Orb.
     0 | D:1      | Reached XP level 1. HP: 12/12 MP: 2/2
     0 | D:1      | 0 ||| qw: Version: 0.3-a-52-g30416fa
     0 | D:1      | 0 ||| qw: Game counter: 7826
     0 | D:1      | 0 ||| qw: Melee chars always use a shield: true
     0 | D:1      | 0 ||| qw: God list: Okawaru
     0 | D:1      | 0 ||| qw: Allow faded altars: false
     0 | D:1      | 0 ||| qw: Do Orc after clearing Dungeon:15 true
     0 | D:1      | 0 ||| qw: Do second Lair branch before Depths: true
     0 | D:1      | 0 ||| qw: Lair rune preference: random
     0 | D:1      | 0 ||| qw: Goals: Normal
     0 | D:1      | 0 ||| PLANNING D:1-11
   124 | D:1      | Reached XP level 2. HP: 16/16 MP: 3/3
   340 | D:1      | Reached skill level 3 in Ranged Weapons
   643 | D:1      | 643 ||| UPGRADING to +0 ring mail.
   653 | D:1      | 653 ||| DROPPING +0 robe.
   654 | D:1      | 654 ||| UPGRADING to +4 ring of protection.
   655 | D:1      | 655 ||| READING 3 scrolls labelled DOTOT ULIX.
   656 | D:1      | 656 ||| READING scroll labelled IPE LAUN SIEDD.
   657 | D:1      | 657 ||| DRINKING 2 fuming red potions.
   658 | D:1      | 658 ||| READING 2 scrolls of identify.
   658 | D:1      | 658 ||| IDENTIFYING amethyst potion
   659 | D:1      | 659 ||| DROPPING scroll of poison.
   660 | D:1      | 660 ||| DROPPING potion of degeneration.
   703 | D:2      | 703 ||| STAIRDANCE
   707 | D:1      | Reached XP level 3. HP: 13/21 MP: 4/4
   956 | D:2      | 956 ||| FLEEEEING.
   957 | D:2      | 957 ||| FLEEEEING.
   958 | D:2      | 958 ||| FLEEEEING.
   959 | D:2      | 959 ||| FLEEEEING.
   960 | D:2      | 960 ||| FLEEEEING.
  1130 | D:2      | Reached skill level 4 in Ranged Weapons
  1130 | D:2      | Reached XP level 4. HP: 26/26 MP: 5/5
  1178 | D:2      | Reached skill level 1 in Armour
  1293 | D:2      | Reached XP level 5. HP: 18/30 MP: 6/6
  1447 | D:2      | 1447 ||| DRINKING 2 glowing amethyst potions.
  1447 | D:2      | Gained mutation: You have supernaturally acute eyesight.
                  | (SInv) [potion of mutation]
  1447 | D:2      | Gained mutation: You occasionally lose the ability to read
                  | scrolls when taking damage. [potion of mutation]
  1447 | D:2      | Gained mutation: You sometimes lose your temper in combat.
                  | [potion of mutation]
  1448 | D:2      | 1448 ||| DRINKING potion of mutation.
  1448 | D:2      | Lost mutation: You have supernaturally acute eyesight.
                  | (SInv) [potion of mutation]
  1448 | D:2      | Lost mutation: You occasionally lose the ability to read
                  | scrolls when taking damage. [potion of mutation]
  1448 | D:2      | Gained mutation: Your body sometimes deteriorates upon
                  | taking damage. [potion of mutation]
  1448 | D:2      | Gained mutation: You are somewhat resistant to further
                  | mutation. [potion of mutation]
  1449 | D:2      | 1449 ||| READING 2 scrolls of identify.
  1449 | D:2      | 1449 ||| IDENTIFYING metallic golden potion
  1538 | D:3      | 1538 ||| FLEEEEING.
  1539 | D:3      | 1539 ||| FLEEEEING.
  1541 | D:3      | 1541 ||| STAIRDANCE
  1585 | D:3      | Found a snail-covered altar of Cheibriados.
  1663 | D:3      | Reached skill level 5 in Ranged Weapons
  1670 | D:3      | HP: 1/30 [orc priest/divine providence (13)]
  1672 | D:3      | Slain by a kobold

Levels and vault maps discovered:
D:1:      ncdulo_watergridlock, layout_basic, basic_ecumenical_altar
D:2:      layout_basic, minmay_liquid_box, minmay_mini_jars
D:3:      layout_basic, mainiacjoe_overflow_paths,
          nicolae_qazlal_beasts_of_the_sky, st_stairs_6, roderic_roman_lattice,
          uniq_sigmund

Skill      XL: |  1  2  3  4  5 |
---------------+----------------+-----
Ranged Weapons | 3 4 5 |  5.0
Fighting       | 2 |  2.0
Armour         | 1 |  1.0
Dodging        | |  1.5
Spellcasting   | |  1.0
Hexes          | |  2.6

Action                     |  1- 3 |  4- 6 || total
---------------------------+-------+-------++-------
   Fire: Sling             |   166 |    78 ||   244
    Use: Scroll            |     3 |     1 ||     4
         Potion            |     1 |     2 ||     3
 Armour: Robe              |    21 |       ||    21
         Ring mail         |    59 |    52 ||   111
  Dodge: Dodged            |    70 |    63 ||   133

Table legend:
 A = Non-vault XP
 B = Vault XP
 C = Vault XP percentage of total XP
 D = Non-vault monster count
 E = Vault monster count
 F = Vault count percentage of total count
                 A         B        C        D         E       F
            +---------+---------+-------+---------+---------+-------
      Total |     168 |      57 |  25.3 |      50 |      10 |  16.7
            +---------+---------+-------+---------+---------+-------
        D:1 |      31 |       0 |   0.0 |      21 |       0 |   0.0
        D:2 |      79 |      57 |  41.9 |      22 |      10 |  31.2
        D:3 |      58 |       0 |   0.0 |       7 |       0 |   0.0
            +---------+---------+-------+---------+---------+-------
